 Dungeon Crawl Stone Soup version 0.20.1-1-g8b1a95d (webtiles) character file.

468 kaze the Chopper (level 7, -5/61 HPs)
             Began as a Hill Orc Fighter on Sept 17, 2017.
             Slain by Menkaure (16 damage)
             ... on level 5 of the Dungeon.
             The game lasted 00:07:41 (2800 turns).

kaze the Chopper (Hill Orc Fighter)                 Turns: 2800, Time: 00:07:42

Health: -5/61      AC: 12    Str: 21    XL:     7   Next: 8%
Magic:  7/7        EV:  6    Int:  8    God:
Gold:   188        SH:  6    Dex: 10    Spells: 6/6 levels left

rFire    . . .     SeeInvis .   a - +0 war axe
rCold    . . .     Gourm    .   u - +2 buckler
rNeg     . . .     Faith    .   q - +0 plate armour
rPois    .         Spirit   .   (no helmet)
rElec    .         Reflect  .   (no cloak)
rCorr    .         Harm     .   (no gloves)
MR       .....                  (no boots)
Stlth    ..........             m - amulet of regeneration
Regen    0.6/turn               (no ring)
MPRegen  0.1/turn               (no ring)

@: no status effects
A: no striking features
a: no special abilities


You were on level 5 of the Dungeon.
You were not hungry.

You visited 1 branch of the dungeon, and saw 5 of its levels.

You collected 188 gold pieces.

Inventory:

Hand Weapons
 a - a +0 war axe (weapon)
Armour
 c - a +0 shield
 q - a +0 plate armour (worn)
 u - a +2 buckler (worn)
Jewellery
 m - an amulet of regeneration (around neck)
Wands
 i - a wand of paralysis (1/24)
 j - a wand of paralysis (22/24)
Scrolls
 b - a scroll of random uselessness {unknown}
 e - 4 scrolls of teleportation
 o - 2 scrolls of recharging
 s - 2 scrolls of remove curse
Potions
 g - 3 potions of curing
 h - 4 potions of agility
 l - 2 potions of invisibility
Comestibles
 d - 4 chunks of flesh
 f - 2 bread rations
 k - a meat ration
 p - 10 fruits


   Skills:
 + Level 5.0 Fighting
 + Level 7.1 Axes
 + Level 4.6 Armour
 + Level 0.5 Dodging
 + Level 0.3 Stealth
 + Level 4.2 Shields


You had 6 spell levels left.
You didn't know any spells.

Dungeon Overview and Level Annotations

Branches:
Dungeon (5/15)
 Temple: D:4-7

Altars:
Cheibriados
Sif Muna

Shops:
D:4 (

Annotations:
D:5 Menkaure


Message History

Menkaure shouts, "The sands of time shall wipe you from history!"
Menkaure casts a spell at you. Pain shoots through your body!
Menkaure calls on the powers of darkness!
Your body is wracked with pain!
You are too injured to fight recklessly!
Your plate armour prevents you from hitting Menkaure.
Menkaure is severely damaged.
Menkaure calls on the powers of darkness!
Your body is wracked with pain!
* * * LOW HITPOINT WARNING * * *
You hit Menkaure.
Menkaure is severely damaged.
Menkaure calls on the powers of darkness!
Your body is wracked with pain!
* * * LOW HITPOINT WARNING * * *
Menkaure hits you!
* * * LOW HITPOINT WARNING * * *
You feel better. Menkaure hits you!
You die...

##.# #...
#..# #..#
#..#
####+####..#
.......<#M.#
........#@.#
...........#
.........#.#
.........#.#
.........#.#
.........#.#
##.#####.#.#
#. #.#.# #..


You could see Menkaure.

Vanquished Creatures
  An ogre (D:4)
  A howler monkey (D:4)
  A centaur skeleton (D:4)
  A hound (D:4)
  An orc wizard (D:3)
  Ijyb (D:3)
  A worker ant (D:4)
  A hound skeleton (D:4)
  4 gnolls (D:4)
  5 adders
  2 oozes
  5 worms
  2 dart slugs
  4 leopard geckos
  12 orcs (D:3)
  3 ball pythons
  A giant cockroach (D:1)
  5 goblins
  8 hobgoblins
  8 bats
  10 frilled lizards
  9 kobolds
  A leopard gecko skeleton (D:4)
  11 rats
98 creatures vanquished.

Notes
Turn   | Place    | Note
-------+----------+-------------------------------------------
     0 | D:1      | kaze the Hill Orc Fighter began the quest for the Orb.
     0 | D:1      | Reached XP level 1. HP: 19/19 MP: 1/1
   351 | D:1      | Reached XP level 2. HP: 27/27 MP: 2/2
   521 | D:1      | Reached XP level 3. HP: 33/33 MP: 3/3
   775 | D:1      | Reached skill level 3 in Axes
  1036 | D:2      | Reached XP level 4. HP: 38/40 MP: 4/4
  1125 | D:2      | Reached skill level 4 in Axes
  1158 | D:2      | Found a deep blue altar of Sif Muna.
  1627 | D:3      | Reached XP level 5. HP: 42/46 MP: 5/5
  1715 | D:3      | Noticed Ijyb
  1720 | D:3      | Paralysed by Ijyb for 3 turns
  1727 | D:3      | Paralysed by Ijyb for 5 turns
  1734 | D:3      | Killed Ijyb
  1734 | D:3      | Reached skill level 5 in Axes
  2226 | D:4      | Reached XP level 6. HP: 51/53 MP: 6/6
  2246 | D:4      | Found Pibloe Avawn's Weapon Shoppe.
  2265 | D:4      | Reached skill level 6 in Axes
  2325 | D:4      | Found a snail-covered altar of Cheibriados.
  2673 | D:4      | Reached skill level 5 in Fighting
  2673 | D:4      | Reached XP level 7. HP: 40/61 MP: 7/7
  2677 | D:4      | Reached skill level 7 in Axes
  2787 | D:5      | Entered Level 5 of the Dungeon
  2791 | D:5      | Noticed Menkaure
  2799 | D:5      | HP: 2/61 [Menkaure (7)]
  2800 | D:5      | Slain by Menkaure

Skill      XL: |  1  2  3  4  5  6  7 |
---------------+----------------------+-----
Fighting       | 4 5 |  5.0
Axes           | 3 4 5 6 7 |  7.1
Shields        | 4 |  4.2
Armour         | 4 |  4.6
Dodging        | |  0.5
Stealth        | |  0.3

Action                   |  1- 3 |  4- 6 |  7- 9 || total
-------------------------+-------+-------+-------++-------
Melee: War axe           |   129 |   249 |    11 ||   389
  Use: Scroll            |       |    11 |     2 ||    13
       Potion            |       |     1 |     1 ||     2
  Eat: Chunk             |       |     6 |     1 ||     7
Armor: Scale mail        |    89 |       |       ||    89
       Plate armour      |    16 |   161 |     3 ||   180
Dodge: Dodged            |    38 |    66 |     2 ||   106
Block: Shield            |   106 |    24 |       ||   130
       Buckler           |       |    57 |       ||    57
